 Dungeon Crawl Stone Soup version 0.18.1-47-g9310371 (webtiles) character file.

21 vale the Skirmisher (level 2, -1/37 HPs)
             Began as a Minotaur Wizard on June 19, 2016.
             Slain by a quokka (3 damage)
             ... on level 1 of the Dungeon.
             The game lasted 00:02:31 (1025 turns).

vale the Skirmisher (Minotaur Wizard)               Turns: 1025, Time: 00:02:32

Health: -1/37      AC:  2    Str: 16    XL:     2   Next: 62%
Magic:  4/4        EV: 12    Int: 15    God:
Gold:   21         SH:  0    Dex:  8    Spells: 1 memorised, 4 levels left

rFire  . . .     SeeInvis .     a - +0 short sword
rCold  . . .     Gourm    .     o - +0 robe
rNeg   . . .     Faith    .     (no shield)
rPois  .         Spirit   .     i - +0 hat
rElec  .         Dismiss  .     (no cloak)
rCorr  +         Reflect  .     (no gloves)
SustAt .         Harm     .     (no boots)
MR     .....                    (no amulet)
Stlth  ..........               (no ring)
                                p - ring of resist corrosion

@: berserking, very quick, not resistant to hostile enchantments, extremely
unstealthy
A: retaliatory headbutt, horns 2
a: no special abilities


You were on level 1 of the Dungeon.
You were not hungry.

You visited 1 branch of the dungeon, and saw 2 of its levels.

You collected 21 gold pieces.

Inventory:

Hand Weapons
 a - a +0 short sword (weapon)
 b - a +0 hunting sling
Missiles
 k - 9 poisoned needles
 q - 17 sling bullets
Armour
 i - a +0 hat (worn)
 o - a +0 robe (worn)
Jewellery
 p - a ring of resist corrosion (left hand)
Scrolls
 g - a scroll of fog {unknown}
 m - 3 scrolls of identify {unknown}
Potions
 e - a potion of berserk rage
 f - a potion of lignification {unknown}
 h - 2 potions of heal wounds {unknown}
 j - a potion of might {unknown}
 n - a potion of magic {unknown}
 r - a potion of mutation {unknown}
 t - a potion of brilliance {unknown}
Books
 c - a book of Minor Magic

   Spells                             Type                      Level
   a - Magic Dart                     Conjuration                  1
   b - Blink                          Translocation                2
   c - Call Imp                       Summoning                    2
   d - Repel Missiles                 Charms/Air                   2
   e - Slow                           Hexes                        2
   f - Conjure Flame                  Conjuration/Fire             3
   g - Mephitic Cloud                 Conjuration/Poison/Air       3
Comestibles
 d - a bread ration {@e1}
 l - 3 chunks of flesh {@w0}
 s - 3 fruits


   Skills:
 + Level 2.8 Fighting
 - Level 2.1 Dodging
 - Level 1.5 Stealth
 - Level 2.1 Spellcasting
 - Level 0.6 Conjurations
   Level 0.6 Summonings
   Level 0.6 Translocations


You had 4 spell levels left.
You knew the following spells:

 Your Spells              Type           Power        Failure   Level  Hunger
a - Magic Dart            Conj           #...         17%         1    #......


Dungeon Overview and Level Annotations

Branches:
Dungeon (2/15)

Altars:

Annotations:
D:2 Robin


Innate Abilities, Weirdness & Mutations

You reflexively headbutt those who attack you in melee.
You have a pair of horns on your head.


Message History

* * * LOW HITPOINT WARNING * * *
The goblin hits you but does no damage.
You climb upwards.
There is a stone staircase leading down here.
You take 6 damage, and have 7/25 hp.
MASSIVE DAMAGE!!
The quokka bites you.
* * * LOW HITPOINT WARNING * * *
The quokka bites you.
* * * LOW HITPOINT WARNING * * *
You take 5 damage, and have 2/25 hp.
The goblin hits you.
* * * LOW HITPOINT WARNING * * *
You take 1 damage, and have 1/25 hp.
Drink which item? (? for menu, Esc to quit)
It was a potion of berserk rage.
A red film seems to cover your vision as you go berserk!
You feel yourself moving faster!
You feel mighty!
The quokka twitches its whiskers.
The quokka bites you.
You die...

### #.# ..# #.# ### #.# ###
#.############ ..#
#######.............
#.############.......#####.######
...............#.......# #.#
..####.........##......###.# ..#
#........gr@........#.#
..####.......>.###.....#.#.#
...............###...#.....#
..######.........#...#.....## ..#
#.#######............#
..######.### #.#...#...#.###
...........#####.#...........#
.###.###.....##........###.###
.###.#####.#.##.##.###.# ###


You could see a quokka and a goblin.

Vanquished Creatures
  A dart slug (D:1)
  3 bats (D:1)
  A giant cockroach (D:1)
  3 goblins
  2 hobgoblins (D:1)
  2 jackals (D:1)
  2 ball pythons
  A giant newt (D:1)
  A kobold (D:1)
  2 rats
18 creatures vanquished.

Notes
Turn   | Place    | Note
--------------------------------------------------------------
     0 | D:1      | vale the Minotaur Wizard began the quest for the Orb.
     0 | D:1      | Reached XP level 1. HP: 14/14 MP: 2/2
   184 | D:1      | Reached skill level 1 in Fighting
   491 | D:1      | Reached XP level 2. HP: 24/24 MP: 4/4
  1004 | D:2      | Noticed Robin
  1023 | D:1      | HP: 1/25 [goblin[Robin] (1)]
  1025 | D:1      | Slain by a quokka

Skill      XL: |  1 |
---------------+----+-----
Fighting       | 2 |  2.8
Dodging        | |  2.1
Stealth        | |  1.5
Spellcasting   | |  2.1
Conjurations   | |  0.6
Summonings     | |  0.6
Translocations | |  0.6

Action                   || total
-------------------------++-------
Melee: Unarmed           ||    13
       Headbutt          ||     4
       Short sword       ||     7
       Club              ||     2
 Fire: Hunting sling     ||    25
 Cast: Magic Dart        ||    10
  Use: Potion            ||     1
Armor: Robe              ||    10
Dodge: Dodged            ||    30
